TOP OF THE 1ST |
Idaho Falls Chukars batting - Pitching for Hudson Valley Renegades : RHP Cameron Bianchi
|
Pitching: RHP Cameron Bianchi
|
|
Batting: RHB Jose Lozano
|
0-0: Ball 1-0: Ball 2-0: Foul Ball, location: 2F 2-1: DOUBLE (Flyball, 8RD, EV 96.9 MPH)
|
Batting: LHB Corey Lewis
|
Balk! Jose Lozano to third 0-0: Swinging Strike 0-1: Ball 1-1: Fly out, F9 (Line Drive, 89D, EV 98.8 MPH) Runner from 3rd tags up, SCORES, no throw by RF
|
Batting: RHB Chang-keun Baik
|
0-0: Called Strike 0-1: Ball 1-1: Ground out 6-3 (Groundball, 6MD, EV 106.2 MPH)
|
Batting: LHB Edgar Ortiz
|
0-0: Called Strike 0-1: Swinging Strike 0-2: Ball 1-2: Ground out U3 (Groundball, 3, EV 80.6 MPH)
|
Top of the 1st over - 1 run, 1 hit, 0 errors, 0 left on base; Idaho Falls 1 - Hudson Valley 0 |
BOTTOM OF THE 1ST |
Hudson Valley Renegades batting - Pitching for Idaho Falls Chukars : LHP Butch Ott
|
Pitching: LHP Butch Ott
|
|
Batting: LHB Jonathan Spino
|
0-0: Ball 1-0: Ball 2-0: Foul Ball, location: 2F 2-1: Foul Ball, location: 2F 2-2: Fly out, F8 (Line Drive, 8RD, EV 88.8 MPH)
|
Batting: SHB Josif Popovski
|
0-0: Ball 1-0: Ground out 4-3 (Groundball, 4, EV 83.8 MPH)
|
Batting: LHB Eric Toney
|
0-0: Ball 1-0: Called Strike 1-1: Foul Ball, location: 2F 1-2: Foul Ball, location: 2F 1-2: Ball 2-2: Ball 3-2: Reached on error, E4 (Groundball, 4, EV 85.6 MPH)
|
Batting: LHB Rocky Crowley
|
0-0: Called Strike 0-1: Ground out 6-3 (Groundball, 6, EV 87.5 MPH)
|
Bottom of the 1st over - 0 runs, 0 hits, 1 error, 1 left on base; Idaho Falls 1 - Hudson Valley 0 |
TOP OF THE 2ND |
Idaho Falls Chukars batting - Pitching for Hudson Valley Renegades : RHP Cameron Bianchi
|
Batting: RHB Vance Coen
|
0-0: Swinging Strike 0-1: Ball 1-1: Ball 2-1: Foul Ball, location: 2F 2-2: Foul Ball, location: 2F 2-2: Ball 3-2: Fly out, F8 (Flyball, 8RM, EV 83.8 MPH)
|
Batting: LHB Miguel Torres
|
0-0: Swinging Strike 0-1: Foul Ball, location: 2F 0-2: Strikes out swinging
|
Batting: RHB Adam Krieger
|
0-0: Ball 1-0: Foul Ball, location: 2F 1-1: Ball 2-1: Foul Ball, location: 2F 2-2: Fly out, F5 (Popup, 56, EV 63.8 MPH)
|
Top of the 2nd over - 0 runs, 0 hits, 0 errors, 0 left on base; Idaho Falls 1 - Hudson Valley 0 |
BOTTOM OF THE 2ND |
Hudson Valley Renegades batting - Pitching for Idaho Falls Chukars : LHP Butch Ott
|
Batting: RHB Dave Galloway
|
0-0: Ball 1-0: Foul Ball, location: 2F 1-1: Ball 2-1: Foul Ball, location: 2F 2-2: Fly out, F7 (Flyball, 7D, EV 83.1 MPH)
|
Batting: RHB Nelle Lommen
|
0-0: Ball 1-0: Ball 2-0: Called Strike 2-1: Foul Ball, location: 2F 2-2: Strikes out swinging
|
Batting: LHB Alex Genao
|
0-0: Ball 1-0: Foul Ball, location: 2F 1-1: Ball 2-1: Fly out, F8 (Flyball, 78M, EV 98.1 MPH)
|
Bottom of the 2nd over - 0 runs, 0 hits, 0 errors, 0 left on base; Idaho Falls 1 - Hudson Valley 0 |
TOP OF THE 3RD |
Idaho Falls Chukars batting - Pitching for Hudson Valley Renegades : RHP Cameron Bianchi
|
Batting: RHB Rogelio Losano
|
0-0: Foul Ball, location: 2F 0-1: Ball 1-1: Hit by Pitch
|
Batting: LHB Robert Rauda
|
0-0: Ball 1-0: Grounds into double play, 4-6-3 (Groundball, 4, EV 103.1 MPH)
|
Batting: RHB Jose Lozano
|
0-0: Called Strike 0-1: Ground out 4-3 (Groundball, 4M, EV 93.8 MPH)
|
Top of the 3rd over - 0 runs, 0 hits, 0 errors, 0 left on base; Idaho Falls 1 - Hudson Valley 0 |
BOTTOM OF THE 3RD |
Hudson Valley Renegades batting - Pitching for Idaho Falls Chukars : LHP Butch Ott
|
Batting: LHB Jeremy Burton
|
0-0: Foul Ball, location: 2F 0-1: Foul Ball, location: 2F 0-2: Ball 1-2: Ground out 4-3 (Groundball, 4S, EV 72.5 MPH)
|
Batting: RHB Evan Chalarian
|
0-0: Called Strike 0-1: Swinging Strike 0-2: Strikes out swinging
|
Batting: LHB Jonathan Spino
|
0-0: Ball 1-0: Called Strike 1-1: Ball 2-1: Swinging Strike 2-2: Ball 3-2: Ground out 6-3 (Groundball, 6, EV 100.0 MPH)
|
Bottom of the 3rd over - 0 runs, 0 hits, 0 errors, 0 left on base; Idaho Falls 1 - Hudson Valley 0 |
TOP OF THE 4TH |
Idaho Falls Chukars batting - Pitching for Hudson Valley Renegades : RHP Cameron Bianchi
|
Batting: LHB Corey Lewis
|
0-0: Foul Ball, location: 2F 0-1: Ball 1-1: Ball 2-1: Foul Ball, location: 2F 2-2: Ball 3-2: Strikes out swinging
|
Batting: RHB Chang-keun Baik
|
0-0: Foul Ball, location: 2F 0-1: Ball 1-1: Fly out, F9 (Line Drive, 9, EV 98.1 MPH)
|
Batting: LHB Edgar Ortiz
|
0-0: Swinging Strike 0-1: Called Strike 0-2: Ball 1-2: Ball 2-2: Fly out, F7 (Flyball, 7, EV 96.2 MPH)
|
Top of the 4th over - 0 runs, 0 hits, 0 errors, 0 left on base; Idaho Falls 1 - Hudson Valley 0 |
BOTTOM OF THE 4TH |
Hudson Valley Renegades batting - Pitching for Idaho Falls Chukars : LHP Butch Ott
|
Batting: SHB Josif Popovski
|
0-0: Fly out, F6 (Line Drive, 6M, EV 69.4 MPH)
|
Batting: LHB Eric Toney
|
0-0: Called Strike 0-1: Ball 1-1: Foul Ball, location: 2F 1-2: Strikes out swinging
|
Batting: LHB Rocky Crowley
|
0-0: Ball 1-0: Ball 2-0: Ball 3-0: Base on Balls
|
Batting: RHB Dave Galloway
|
0-0: Called Strike Rocky Crowley is caught stealing 2nd base 2-4
|
Bottom of the 4th over - 0 runs, 0 hits, 0 errors, 0 left on base; Idaho Falls 1 - Hudson Valley 0 |
TOP OF THE 5TH |
Idaho Falls Chukars batting - Pitching for Hudson Valley Renegades : RHP Cameron Bianchi
|
Batting: RHB Vance Coen
|
0-0: DOUBLE (Groundball, 5L, EV 102.5 MPH)
|
Batting: LHB Miguel Torres
|
0-0: Called Strike 0-1: Foul Ball, location: 2F 0-2: Ball 1-2: Foul Ball, location: 2F 1-2: Foul Ball, location: 2F 1-2: Foul Ball, location: 2F 1-2: Ground out 6-3 (Groundball, 6, EV 98.1 MPH)
|
Batting: RHB Adam Krieger
|
0-0: DOUBLE (Flyball, 8LXD, EV 101.9 MPH) Vance Coen scores
|
Batting: RHB Rogelio Losano
|
0-0: Ball 1-0: Called Strike 1-1: Called Strike 1-2: Foul Ball, location: 2F 1-2: Ground out 4-3 (Groundball, 34, EV 90.6 MPH) Adam Krieger to third
|
Batting: LHB Robert Rauda
|
0-0: Called Strike 0-1: Ball 1-1: Swinging Strike 1-2: Foul Ball, location: 2F 1-2: Foul Ball, location: 2F 1-2: Foul Ball, location: 2F 1-2: Ball 2-2: Ground out 4-3 (Groundball, 4, EV 108.8 MPH)
|
Top of the 5th over - 1 run, 2 hits, 0 errors, 1 left on base; Idaho Falls 2 - Hudson Valley 0 |
BOTTOM OF THE 5TH |
Hudson Valley Renegades batting - Pitching for Idaho Falls Chukars : LHP Butch Ott
|
Batting: RHB Dave Galloway
|
0-0: Ball 1-0: SINGLE (Line Drive, 8LS, EV 101.9 MPH)
|
Batting: RHB Nelle Lommen
|
0-0: Ball 1-0: Hit by Pitch Dave Galloway to second
|
Pinch Hitting: SHB Chris Lockart
|
0-0: SINGLE (Line Drive, 8RS, EV 113.1 MPH) Dave Galloway to third Nelle Lommen to second
|
Pinch Hitting: RHB Eddie Zamora
|
0-0: Fly out, F8 (Line Drive, 89M, EV 106.2 MPH)
|
Batting: RHB Evan Chalarian
|
0-0: Called Strike 0-1: Ball 1-1: Swinging Strike 1-2: Foul Ball, location: 2F 1-2: Ball 2-2: Foul Ball, location: 2F 2-2: Strikes out swinging
|
Batting: LHB Jonathan Spino
|
0-0: Fly out, F7 (Flyball, 7S, EV 78.8 MPH)
|
Bottom of the 5th over - 0 runs, 2 hits, 0 errors, 3 left on base; Idaho Falls 2 - Hudson Valley 0 |
TOP OF THE 6TH |
Idaho Falls Chukars batting - Pitching for Hudson Valley Renegades : RHP Cameron Bianchi
|
Now at 2B: Dusty Camelli
|
|
Now in CF: Jonathan Spino
|
|
Now in RF: Chris Lockart
|
|
Batting: RHB Jose Lozano
|
0-0: Ball 1-0: DOUBLE (Flyball, 8RD, EV 105.0 MPH)
|
Batting: LHB Corey Lewis
|
0-0: Intentional Walk
|
Batting: RHB Chang-keun Baik
|
0-0: Ball 1-0: Ball 2-0: Ball 3-0: Called Strike 3-1: Called Strike 3-2: Foul Ball, location: 2F 3-2: Strikes out looking
|
Batting: LHB Edgar Ortiz
|
0-0: SINGLE (Line Drive, 4D, EV 99.4 MPH) Jose Lozano to third Corey Lewis to second
|
Batting: RHB Vance Coen
|
0-0: Called Strike 0-1: Ball 1-1: Ball Wild Pitch! Jose Lozano scores Corey Lewis to third Edgar Ortiz to second 2-1: Ball 3-1: Called Strike 3-2: Strikes out swinging
|
Batting: LHB Miguel Torres
|
0-0: Foul Ball, location: 2F 0-1: Ball 1-1: Foul Ball, location: 2F 1-2: Foul Ball, location: 2F 1-2: Foul Ball, location: 2F 1-2: Foul Ball, location: 2F 1-2: Foul Ball, location: 2F 1-2: Fly out, F6 (Popup, 6M, EV 58.8 MPH)
|
Top of the 6th over - 1 run, 2 hits, 0 errors, 2 left on base; Idaho Falls 3 - Hudson Valley 0 |
BOTTOM OF THE 6TH |
Hudson Valley Renegades batting - Pitching for Idaho Falls Chukars : LHP Butch Ott
|
Pitching: RHP Joe Adelmann
|
|
Batting: SHB Josif Popovski
|
0-0: Ball 1-0: Ball 2-0: Called Strike 2-1: Ground out 6-3 (Groundball, 6, EV 100.6 MPH)
|
Batting: LHB Eric Toney
|
0-0: Ball 1-0: Reached on error, E4 (Groundball, 34, EV 95.6 MPH)
|
Batting: LHB Rocky Crowley
|
0-0: Ball 1-0: SINGLE (Groundball, 6S, EV 68.8 MPH) (infield hit) Eric Toney to second
|
Batting: RHB Dave Galloway
|
0-0: Ball 1-0: Ball Eric Toney steals 3rd base 2-0: Called Strike 2-1: Ball 3-1: Base on Balls Rocky Crowley to second
|
Batting: RHB Nelle Lommen
|
0-0: Swinging Strike 0-1: Fly out, F7 (Flyball, 7S, EV 85.0 MPH)
|
Batting: SHB Chris Lockart
|
0-0: Ball 1-0: Ball 2-0: Ball 3-0: Base on Balls Eric Toney scores Rocky Crowley to third Dave Galloway to second
|
Batting: RHB Dusty Camelli
|
0-0: Ball 1-0: Foul Ball, location: 2F 1-1: Called Strike 1-2: Strikes out swinging
|
Bottom of the 6th over - 1 run, 1 hit, 1 error, 3 left on base; Idaho Falls 3 - Hudson Valley 1 |
TOP OF THE 7TH |
Idaho Falls Chukars batting - Pitching for Hudson Valley Renegades : RHP Cameron Bianchi
|
Batting: RHB Adam Krieger
|
0-0: DOUBLE (Line Drive, 7LS, EV 108.8 MPH)
|
Batting: RHB Rogelio Losano
|
0-0: Ball 1-0: Ball 2-0: SINGLE (Flyball, 8RS, EV 82.5 MPH) Adam Krieger to third
|
Batting: LHB Robert Rauda
|
0-0: Ball 1-0: Called Strike 1-1: Fielders Choice at 2nd, 6-4 (Groundball, 6, EV 84.4 MPH) Adam Krieger scores
|
Pitching: RHP Eddie Aguirre
|
|
Batting: RHB Jose Lozano
|
0-0: Called Strike 0-1: Ball 1-1: Ball 2-1: Ball 3-1: Called Strike 3-2: Foul Ball, location: 2F 3-2: Foul Ball, location: 2F 3-2: Strikes out looking
|
Batting: LHB Corey Lewis
|
0-0: Ball Robert Rauda steals 2nd base 1-0: Foul Ball, location: 2F 1-1: Swinging Strike 1-2: Strikes out swinging
|
Top of the 7th over - 1 run, 2 hits, 0 errors, 1 left on base; Idaho Falls 4 - Hudson Valley 1 |
BOTTOM OF THE 7TH |
Hudson Valley Renegades batting - Pitching for Idaho Falls Chukars : RHP Joe Adelmann
|
Batting: RHB Evan Chalarian
|
0-0: Swinging Strike 0-1: Swinging Strike 0-2: Ball 1-2: Strikes out swinging
|
Batting: LHB Jonathan Spino
|
0-0: Ball 1-0: Ball 2-0: Called Strike 2-1: Ball 3-1: Foul Ball, location: 2F 3-2: Foul Ball, location: 2F 3-2: Strikes out swinging
|
Batting: SHB Josif Popovski
|
0-0: Called Strike 0-1: Called Strike 0-2: Ball 1-2: Ball 2-2: Ball 3-2: Strikes out looking
|
Bottom of the 7th over - 0 runs, 0 hits, 0 errors, 0 left on base; Idaho Falls 4 - Hudson Valley 1 |
TOP OF THE 8TH |
Idaho Falls Chukars batting - Pitching for Hudson Valley Renegades : RHP Eddie Aguirre
|
Batting: RHB Chang-keun Baik
|
0-0: Called Strike 0-1: Ball 1-1: Foul Ball, location: 2F 1-2: Strikes out looking
|
Batting: LHB Edgar Ortiz
|
0-0: Called Strike 0-1: Ball 1-1: Ground out 4-3 (Groundball, 4S, EV 83.8 MPH)
|
Batting: RHB Vance Coen
|
0-0: Called Strike 0-1: Foul Ball, location: 2F 0-2: Strikes out swinging
|
Top of the 8th over - 0 runs, 0 hits, 0 errors, 0 left on base; Idaho Falls 4 - Hudson Valley 1 |
BOTTOM OF THE 8TH |
Hudson Valley Renegades batting - Pitching for Idaho Falls Chukars : RHP Joe Adelmann
|
Pitching: RHP Kolenka Leschenya
|
|
Batting: LHB Eric Toney
|
0-0: Ground out 4-3 (Groundball, 4, EV 91.9 MPH)
|
Batting: LHB Rocky Crowley
|
0-0: Called Strike 0-1: Ball 1-1: DOUBLE (Line Drive, 89D, EV 100.6 MPH)
|
Batting: RHB Dave Galloway
|
0-0: Ball 1-0: Swinging Strike Passed Ball! Rocky Crowley to third 1-1: Foul Ball, location: 2F 1-2: Ball 2-2: SINGLE (Line Drive, 78S, EV 86.9 MPH) Rocky Crowley scores
|
Batting: RHB Nelle Lommen
|
0-0: Fly out, F9 (Flyball, 9S, EV 93.1 MPH)
|
Batting: SHB Chris Lockart
|
0-0: Called Strike 0-1: Ball 1-1: Ball 2-1: Foul Ball, location: 2F 2-2: Ground out U3 (Groundball, 3, EV 99.4 MPH)
|
Bottom of the 8th over - 1 run, 2 hits, 0 errors, 1 left on base; Idaho Falls 4 - Hudson Valley 2 |
TOP OF THE 9TH |
Idaho Falls Chukars batting - Pitching for Hudson Valley Renegades : RHP Eddie Aguirre
|
Batting: LHB Miguel Torres
|
0-0: Ground out 4-3 (Groundball, 4S, EV 78.8 MPH)
|
Batting: RHB Adam Krieger
|
0-0: Ball 1-0: Foul Ball, location: 2F 1-1: Swinging Strike 1-2: Strikes out swinging
|
Batting: RHB Rogelio Losano
|
0-0: Ball 1-0: Foul Ball, location: 2F 1-1: Swinging Strike 1-2: Ball 2-2: Foul Ball, location: 2F 2-2: Foul Ball, location: 2F 2-2: Ground out 4-3 (Groundball, 4, EV 83.8 MPH)
|
Top of the 9th over - 0 runs, 0 hits, 0 errors, 0 left on base; Idaho Falls 4 - Hudson Valley 2 |
BOTTOM OF THE 9TH |
Hudson Valley Renegades batting - Pitching for Idaho Falls Chukars : RHP Kolenka Leschenya
|
Batting: RHB Dusty Camelli
|
0-0: Called Strike 0-1: Swinging Strike 0-2: Ball 1-2: Strikes out swinging
|
Pinch Hitting: LHB Helmut Steggall
|
0-0: Ball 1-0: Ball 2-0: Ball 3-0: Base on Balls
|
Batting: LHB Jonathan Spino
|
0-0: Fly out, F8 (Flyball, 89D, EV 97.5 MPH)
|
Batting: SHB Josif Popovski
|
0-0: Ball 1-0: Ball 2-0: Ball 3-0: Base on Balls Helmut Steggall to second
|
Batting: LHB Eric Toney
|
0-0: Called Strike 0-1: Called Strike 0-2: Strikes out swinging
|
Bottom of the 9th over - 0 runs, 0 hits, 0 errors, 2 left on base; Idaho Falls 4 - Hudson Valley 2 |
|